 Dungeon Crawl Stone Soup version 0.23.2 (webtiles) character file.

Game seed: 16951167943685338532

385 Erenes the Carver (level 6, -1/52 HPs)
             Began as a Minotaur Fighter on May 2, 2019.
             Was a Follower of Ru.
             Slain by Umbaba's ghost (10 damage)
             ... on level 4 of the Dungeon.
             The game lasted 00:28:13 (3542 turns).

Erenes the Carver (Minotaur Fighter)                Turns: 3542, Time: 00:28:14

Health: -1/52      AC:  8    Str: 20    XL:     6   Next: 48%
Magic:  5/5        EV:  7    Int:  5    God:    Ru [*.....]
Gold:   169        SH:  9    Dex: 12    Spells: 5/5 levels left

rFire    . . .     SeeInvis .   a - +0 long sword
rCold    + . .     Gourm    .   c - +0 shield
rNeg     . . .     Faith    .   b - +0 scale mail
rPois    .         Spirit   .   (helmet restricted)
rElec    .         Reflect  .   (no cloak)
rCorr    .         Harm     .   (no gloves)
MR       +....                  q - +0 pair of boots
Stlth    ..........             (no amulet)
HPRegen  0.17/turn              r - ring of protection from magic
MPRegen  0.09/turn              u - ring of protection from cold

@: no potions
A: retaliatory headbutt, horns 2, inability to drink while threatened
a: Renounce Religion


You were on level 4 of the Dungeon.
You worshipped Ru.
Ru was aware of your devotion.
You were not hungry.

You visited 1 branch of the dungeon, and saw 4 of its levels.

You collected 169 gold pieces.

Inventory:

Hand Weapons
 a - a +0 long sword (weapon)
Armour
 b - a +0 scale mail (worn)
 c - a +0 shield (worn)
 q - a +0 pair of boots (worn)
Jewellery
 r - a ring of protection from magic (left hand)
 u - a ring of protection from cold (right hand)
Scrolls
 e - a scroll of immolation {unknown}
 g - 4 scrolls of identify {unknown}
 i - 5 scrolls of remove curse {unknown}
 j - a scroll of amnesia {unknown}
 k - a scroll of fear {unknown}
 l - 3 scrolls of magic mapping {unknown}
 m - a scroll of noise {unknown}
 p - a scroll of fog {unknown}
 x - a scroll of random uselessness {unknown}
Potions
 d - 2 potions of might
 h - 3 potions of curing {unknown}
 n - 2 potions of agility {unknown}
 o - 3 potions of lignification {unknown}
 s - a potion of experience {unknown}
 t - a potion of berserk rage {unknown}
 v - 2 potions of magic {unknown}
Comestibles
 f - 5 rations
 w - 2 chunks of flesh


   Skills:
 - Level 3.8 Fighting
 + Level 8.0 Long Blades
 - Level 3.9 Armour
 - Level 0.3 Stealth
 - Level 3.8 Shields


You had 5 spell levels left.
You didn't know any spells.
Your spell library was empty.

Dungeon Overview and Level Annotations

Branches:
Dungeon (4/15)
 Temple: D:4-7

Altars:
Dithmenos
Gozag
Ru
Trog
Wu Jian
Beogh

Annotations:
D:4 Umbaba's ghost, amateur MiGl


Innate Abilities, Weirdness & Mutations

You reflexively headbutt those who attack you in melee.
You have a pair of horns on your head.
You cannot drink potions while threatened.


Message History

You block Umbaba's ghost's attack.
You hit Umbaba's ghost but do no damage.
Umbaba's ghost is moderately damaged.
The orc priest begins to pray, but is stunned by your will!
Umbaba's ghost hits you!
You feel threatened and lose the ability to drink potions!
You hit Umbaba's ghost.
Umbaba's ghost is moderately damaged.
The orc priest calls down the wrath of Beogh upon you.
Beogh smites you!
* * * LOW HITPOINT WARNING * * *
Umbaba's ghost completely misses you. You furiously retaliate!
You headbutt Umbaba's ghost.
You hit Umbaba's ghost but do no damage.
Umbaba's ghost is moderately damaged.
You block Umbaba's ghost's attack.
You hit Umbaba's ghost. You headbutt Umbaba's ghost!
Umbaba's ghost is severely damaged.
Umbaba's ghost hits you!
You die...

#.####..##....#####....#
#........#.(...........#
#######..######'''######
##.8.....o.......8
#..#####oo####### ##.##
#o## #..# #o# ##.## #W#
#..###@#######
#............#
#............#
#............#
#............#
#..(.........#
#........รท)..#
#............#
#............#


You could see an orc priest, Umbaba's ghost and 4 orcs.

Vanquished Creatures
  An orc priest (D:3)
  Jessica (D:2)
  Terence (D:3)
  Natasha (thrice) (D:3)
  A worker ant (D:4)
  A worker ant zombie (D:4)
  Robin (D:2)
  6 adders
  2 worms (D:2)
  3 dart slugs (D:2)
  4 leopard geckos
  15 orcs
  3 giant cockroaches
  10 hobgoblins
  4 jackals (D:3)
  4 kobolds
  2 ball pythons
  10 bats
  5 frilled lizards
  22 goblins
  7 rats
  A fungus (D:2)
107 creatures vanquished.

Notes
Turn   | Place    | Note
-------+----------+-------------------------------------------
     0 | D:1      | Erenes the Minotaur Fighter began the quest for the Orb.
     0 | D:1      | Reached XP level 1. HP: 19/19 MP: 0/0
   187 | D:1      | Reached XP level 2. HP: 27/27 MP: 1/1
   394 | D:1      | Reached skill level 3 in Long Blades
   797 | D:1      | Reached XP level 3. HP: 24/33 MP: 2/2
   910 | D:1      | Reached skill level 4 in Long Blades
  1323 | D:2      | Noticed Jessica
  1340 | D:2      | Killed Jessica
  1340 | D:2      | Reached skill level 5 in Long Blades
  1340 | D:2      | Reached XP level 4. HP: 10/40 MP: 3/3
  1658 | D:2      | Noticed Robin
  1671 | D:2      | Killed Robin
  1807 | D:2      | Found a sacrificial altar of Ru.
  1822 | D:2      | Became a worshipper of Ru the Awakened
  1974 | D:2      | Reached XP level 5. HP: 41/46 MP: 4/4
  2043 | D:2      | Found a bloodstained altar of Trog.
  2043 | D:2      | Found an ornate altar of the Wu Jian Council.
  2238 | D:3      | Reached skill level 6 in Long Blades
  2247 | D:3      | Found a faded altar of an unknown god.
  2252 | D:3      | Noticed Natasha
  2270 | D:3      | Killed Natasha
  2536 | D:3      | Found an opulent altar of Gozag.
  2611 | D:3      | Noticed Terence
  2636 | D:3      | Killed Terence
  2957 | D:3      | Noticed Natasha
  2965 | D:3      | Reached skill level 7 in Long Blades
  2969 | D:3      | Killed Natasha
  2969 | D:3      | Reached XP level 6. HP: 29/52 MP: 5/5
  3090 | D:3      | Found a shadowy altar of Dithmenos.
  3205 | D:3      | Noticed Natasha
  3209 | D:3      | Killed Natasha
  3214 | D:3      | Gained mutation: You cannot drink potions while threatened.
                  | [Ru sacrifice]
  3214 | D:3      | Reached * piety under Ru
  3448 | D:4      | Identified the +5 ring mail of the Valley of Death {Str+2
                  | Slay+6}
  3453 | D:4      | Noticed Umbaba's ghost (amateur MiGl)
  3454 | D:4      | Found a runed translucent gate.
  3454 | D:4      | Found a runed translucent gate.
  3467 | D:4      | Reached skill level 8 in Long Blades
  3512 | D:4      | Found a runed translucent gate.
  3512 | D:4      | Found a roughly hewn altar of Beogh.
  3542 | D:4      | Slain by Umbaba's ghost

Skill      XL: |  1  2  3  4  5  6 |
---------------+-------------------+-----
Long Blades    | 3 5 7 8 |  8.0
Fighting       | |  3.8
Armour         | |  3.9
Stealth        | |  0.3
Shields        | |  3.8

Action                   |  1- 3 |  4- 6 || total
-------------------------+-------+-------++-------
Melee: Long sword        |   102 |   193 ||   295
       Headbutt          |    20 |    36 ||    56
Invok: Sacrifice Drink   |       |     1 ||     1
  Eat: Chunk             |     1 |     8 ||     9
Armor: Scale mail        |    38 |    56 ||    94
Dodge: Dodged            |    26 |    48 ||    74
Block: Shield            |    55 |    85 ||   140
       Rpst.: Long sword |     6 |    18 ||    24
